 Dungeon Crawl Stone Soup version 0.29.1-1-gd02db69 (webtiles) character file.

Game seed: 17200941275941838678

7 samcosmo the Sneak (level 2, 0/16 HPs)
             Began as a Kobold Enchanter on Apr 27, 2023.
             Slain by a quokka (2 damage)
             ... on level 1 of the Dungeon.
             The game lasted 00:01:31 (409 turns).

samcosmo the Sneak (Kobold Enchanter)                Turns: 409, Time: 00:01:32

Health: 0/16       AC:  2    Str:  5    XL:     2   Next: 5%
Magic:  5/5        EV: 15    Int: 16    God:
Gold:   0          SH:  0    Dex: 15    Spells: 5/5 levels left

rFire   . . .      SeeInvis .   a - +1 dagger
rCold   . . .      Faith    .   (no shield)
rNeg    . . .      Spirit   .   b - +0 robe
rPois   .          Reflect  .   (no helmet)
rElec   .          Harm     .   (no cloak)
rCorr   .          Rampage  .   (no gloves)
Will    .....                   (no boots)
Stlth   ++++......              (no amulet)
HPRegen 0.05/turn               (no ring)
MPRegen 0.09/turn               (no ring)

@: no status effects
A: small, no large weapons, nightstalker 3
a: no special abilities


You were on level 1 of the Dungeon.
You visited 1 branch of the dungeon, and saw 1 of its levels.

Inventory:

Hand Weapons
 a - a +1 dagger (weapon)
Armour
 b - a +0 robe (worn)
Scrolls
 d - a scroll of brand weapon {unknown}
 e - a scroll of noise {unknown}
Potions
 c - 2 potions of invisibility


   Skills:
 + Level 0.3 Fighting
 + Level 1.5 Short Blades
 + Level 2.5 Dodging
 + Level 4.1 Stealth
 + Level 2.3 Spellcasting
 * Level 3.1 Hexes


You had 5 spell levels left.
You didn't know any spells.
Your spell library contained the following spells:

 Spells                   Type           Power      Damage    Failure   Level
 Ensorcelled Hibernation  Hex/Ice        12%        N/A       16%         2
 Confusing Touch          Hex            11%        N/A       17%         3
 Tukima's Dance           Hex            11%        N/A       17%         3
 Dazzling Flash           Conj/Hex       12%        N/A       32%         3


Dungeon Overview and Level Annotations

Branches:
Dungeon (1/15)

Altars:


Innate Abilities, Weirdness & Mutations

You are small and have problems with some larger weapons.
You are completely attuned to the shadows.


Message History

The hobgoblin is severely wounded.
The bat misses you. x2; The quokka barely misses you.
The hobgoblin hits you. The bat closely misses you.
You are too injured to fight recklessly!
You hit the hobgoblin but do no damage.
The hobgoblin is severely wounded.
The bat barely misses you.
The quokka twitches its whiskers.
The quokka completely misses you. The quokka barely misses you.
The hobgoblin misses you.
You hit the hobgoblin but do no damage.
The hobgoblin is severely wounded.
The bat hits you but does no damage. The quokka barely misses you.
The hobgoblin closely misses you. The bat closely misses you.
You barely miss the hobgoblin.
The hobgoblin is severely wounded.
The bat barely misses you. The quokka bites you.
* * * LOW HITPOINT WARNING * * *
You hit the hobgoblin but do no damage.
The hobgoblin is severely wounded.
The bat barely misses you. The hobgoblin misses you.
The quokka closely misses you.
You barely miss the hobgoblin.
The hobgoblin is severely wounded.
The bat hits you but does no damage. The hobgoblin hits you.
* * * LOW HITPOINT WARNING * * *
The quokka bites you but does no damage.
You hit the hobgoblin.
The hobgoblin is almost dead.
The bat misses you.
The hobgoblin hits you but does no damage.
The quokka closely misses you.
You hit the hobgoblin but do no damage.
The hobgoblin is almost dead.
The bat closely misses you. The quokka barely misses you.
The hobgoblin closely misses you.
You hit the hobgoblin.
You kill the hobgoblin!
The bat barely misses you. The quokka bites you.
You die...

#.# # #.# # #.###
....... #.#.. #.....#
####.... #....#
#.......
########.?.###.#####.
....b.......##.##..#.
...†@r......##.....#.
............##....~#~
..#####...........≈..
. #.###.##....~~. #.
....####..~~ #.... .~
#...


You could see a quokka and a bat.

Vanquished Creatures
  A dart slug (D:1)
  An endoplasm (D:1)
  A goblin (D:1)
  A hobgoblin (D:1)
  A frilled lizard (D:1)
  A kobold (D:1)
6 creatures vanquished.

Notes
Turn   | Place    | Note
-------+----------+-------------------------------------------
     0 | D:1      | samcosmo the Kobold Enchanter began the quest for the Orb.
     0 | D:1      | Reached XP level 1. HP: 10/10 MP: 3/3
   388 | D:1      | Reached XP level 2. HP: 16/16 MP: 5/5
   409 | D:1      | Slain by a quokka

Illustrated notes

Levels and vault maps discovered:
D:1:      lightli_arrival_windingriver, layout_basic, moated_statue,
          chequers_serial_rivers_marsh, minmay_tree_intersection

Action                   || total
-------------------------++-------
Melee: Dagger            ||    33
 Stab: Sleeping          ||     3
Armor: Robe              ||    13
Dodge: Dodged            ||    48
